 Dungeon Crawl Stone Soup version 0.25-a0-583-g696c2ac64d (webtiles) character file.

Game seed: 13258358303167658883, levelgen mode: deterministic

51 Esekla the Ducker (level 3, 0/17 HPs)
             Began as a Spriggan Artificer on Mar 9, 2020.
             Slain by an adder (4 damage)
             ... on level 2 of the Dungeon.
             The game lasted 00:09:41 (1922 turns).

Esekla the Ducker (Spriggan Artificer)              Turns: 1922, Time: 00:09:42

Health: 0/17       AC:  2    Str:  8    XL:     3   Next: 58%
Magic:  7/7        EV: 20    Int: 13    God:
Gold:   108        SH:  0    Dex: 20    Spells: 2/2 levels left

rFire    . . .     SeeInvis +   a - +0 short sword
rCold    . . .     Gourm    .   (shield restricted)
rNeg     . . .     Faith    .   b - +0 robe
rPois    .         Spirit   .   (helmet restricted)
rElec    .         Reflect  .   (no cloak)
rCorr    .         Harm     .   (gloves unavailable)
MR       .....                  (boots unavailable)
Stlth    ++........             (no amulet)
HPRegen  0.05/turn              g - +4 ring of dexterity
MPRegen  0.10/turn              (no ring)

@: lethally poisoned (0 -> -7), very quick
A: very small, unfitting armour, see invisible, herbivore, speed 3, slow
metabolism 2
a: no special abilities


You were on level 2 of the Dungeon.
You were not hungry.

You visited 1 branch of the dungeon, and saw 2 of its levels.

You collected 108 gold pieces.

Inventory:

Hand Weapons
 a - a +0 short sword (weapon)
 i - a +1 hunting sling of flaming
Armour
 b - a +0 robe (worn)
 l - a +0 leather armour
Jewellery
 g - a +4 ring of dexterity (left hand)
Wands
 c - a wand of flame (15)
 d - a wand of enslavement (15)
 e - a wand of random effects (15)
Scrolls
 h - 2 scrolls of teleportation {unknown}
 m - 3 scrolls of magic mapping {unknown}
Potions
 j - 2 potions of curing
 k - a potion of magic {unknown}
 n - 3 potions of heal wounds {unknown}
Comestibles
 f - 4 rations


   Skills:
 - Level 0.7 Fighting
 * Level 2.9 Short Blades
 * Level 4.3 Dodging
 + Level 2.1 Stealth
 - Level 4.0 Evocations


You had 2 spell levels left.
You didn't know any spells.
Your spell library was empty.

Dungeon Overview and Level Annotations

Branches:
Dungeon (2/15)

Altars:


Innate Abilities, Weirdness & Mutations

You are very small and have problems with some larger weapons.
You are too small for most types of armour.
You have supernaturally acute eyesight. (SInv)
You are a herbivore.
You cover ground extremely quickly.
You need to consume almost no food.


Message History

You completely miss the adder.
The adder is heavily wounded.
The adder completely misses you.
You hit the adder.
The adder is almost dead.
You feel sick. The adder misses you. The adder bites you.
* * * LOW HITPOINT WARNING * * *
You are lethally poisoned!
The adder poisons you!
You closely miss the adder.
The adder is almost dead.
The adder barely misses you.
You miss the adder.
The adder is almost dead.
* * * LOW HITPOINT WARNING * * *
You feel sick. The adder closely misses you.
You hit the adder but do no damage.
The adder is almost dead.
The adder bites you.
You die...

#.##.# #...........†....
#.##.######........########
#..................#
#####.#............#
#.#..†.........##.
#.#.............. # ##
#.#.........##.##.. ..
#.#...S.......... .
####.#...@......#.## ..
###........<........# ##
#...##.#...........##
#..................###.#
###...####.########......#
#.............# ##.#####
#.##........#.# #.#
#.##..#..#..#.######.#######
#.##........#...S<.........#


You could see an adder.

Vanquished Creatures
  An adder (D:2)
  An ooze (D:2)
  2 leopard geckos (D:2)
  4 bats
  2 giant cockroaches
  2 goblins (D:2)
  3 hobgoblins
  6 jackals (D:1)
  3 kobolds
  4 frilled lizards
  A quokka skeleton (D:2)
  8 rats
37 creatures vanquished.

Notes
Turn   | Place    | Note
-------+----------+-------------------------------------------
     0 | D:1      | Esekla the Spriggan Artificer began the quest for the Orb.
     0 | D:1      | Reached XP level 1. HP: 9/9 MP: 4/4
   229 | D:2      | Reached XP level 2. HP: 7/14 MP: 6/6
  1215 | D:1      | Reached XP level 3. HP: 13/17 MP: 7/7
  1922 | D:2      | Slain by an adder

Levels and vault maps discovered:
D:1:      dpeg_arrival_concentric_ovals, layout_basic, minmay_misc_feat_encased
D:2:      layout_loops_cross

Skill      XL: |  1  2  3 |
---------------+----------+-----
Short Blades   | 2 |  2.9
Dodging        | 4 |  4.3
Stealth        | 2 |  2.1
Fighting       | |  0.7
Evocations     | |  4.0

Action                   || total
-------------------------++-------
Melee: Short sword       ||   173
  Use: Potion            ||     2
 Stab: Sleeping          ||     5
Armor: Robe              ||    15
Dodge: Dodged            ||   146

Table legend:
 A = Non-vault XP
 B = Vault XP
 C = Vault XP percentage of total XP
 D = Non-vault monster count
 E = Vault monster count
 F = Vault count percentage of total count
                 A         B        C        D         E       F
            +---------+---------+-------+---------+---------+-------
      Total |      74 |       0 |   0.0 |      37 |       0 |   0.0
            +---------+---------+-------+---------+---------+-------
        D:1 |      25 |       0 |   0.0 |      16 |       0 |   0.0
        D:2 |      49 |       0 |   0.0 |      21 |       0 |   0.0
            +---------+---------+-------+---------+---------+-------
